 Dungeon Crawl Stone Soup version 0.29-a0-371-g91724d5b39 (webtiles) character file.

Game seed: 6001805408495856668

41 Shayle the Sneak (level 3, -4/22 HPs)
             Began as a Tengu Brigand on May 2, 2022.
             Slain by Terence
             ... wielding a +2 vorpal mace
              (6 damage)
             ... on level 2 of the Dungeon.
             The game lasted 00:04:41 (1207 turns).

Shayle the Sneak (Tengu Brigand)                    Turns: 1207, Time: 00:04:41

Health: -4/22      AC:  3    Str:  8 (11) XL:     3   Next: 52%
Magic:  5/5        EV: 12    Int: 12 (13) God:
Gold:   25         SH:  0    Dex: 12 (15) Spells: 4/4 levels left

rFire   . . .      SeeInvis .   a - +2 dagger
rCold   . . .      Faith    .   (no shield)
rNeg    . . .      Spirit   .   b - +0 robe
rPois   .          Reflect  .   (helmet restricted)
rElec   .          Harm     .   c - +0 cloak
rCorr   .          Rampage  .   (no gloves)
Will    .....                   (boots unavailable)
Stlth   +++.......              (no amulet)
HPRegen 0.07/turn               (no ring)
MPRegen 0.09/turn               (no ring)

@: no status effects
A: beak, talons 3
a: no special abilities


You were on level 2 of the Dungeon.
You visited 1 branch of the dungeon, and saw 2 of its levels.

You collected 25 gold pieces.

Inventory:

Hand Weapons
 a - a +2 dagger (weapon)
Missiles
 d - 4 poisoned darts (quivered)
 e - 2 curare-tipped darts
Armour
 b - a +0 robe (worn)
 c - a +0 cloak (worn)
Scrolls
 h - a scroll of noise {unknown}
 j - 2 scrolls of identify {unknown}
 l - a scroll of immolation {unknown}
 m - a scroll of amnesia {unknown}
 n - a scroll of holy word {unknown}
Potions
 f - a potion of might {unknown}
 g - a potion of degeneration
 i - 2 potions of heal wounds {unknown}
 k - a potion of curing {unknown}


   Skills:
 + Level 2.5 Fighting
 - Level 2.1 Short Blades
 - Level 2.0 Throwing
 + Level 2.0 Dodging
 + Level 4.3 Stealth
 + Level 1.1 Spellcasting


You had 4 spell levels left.
You didn't know any spells.
Your spell library contained the following spells:

 Spells                   Type           Power      Damage    Failure   Level
 Summon Small Mammal      Summ           0%         N/A       30%         1


Dungeon Overview and Level Annotations

Branches:
Dungeon (2/15)

Altars:

Shops:
D:1 =

Annotations:
D:2 Terence


Innate Abilities, Weirdness & Mutations

You have a beak for a mouth.
You have claws for feet.


Message History

Throw: 8 darts (poison)
Press: ? - help, Q - select action, (/) - cycle Shift-Dir - straight line, f/p - Terence
Aim: Terence, wielding a +2 vorpal mace and wearing a +0 scale mail (almost dead, poisoned, slow, 64% to hit)
You throw a poisoned dart.
The poisoned dart closely misses Terence.
Terence looks more healthy.
Throw: 7 darts (poison)
Press: ? - help, Q - select action, (/) - cycle Shift-Dir - straight line, f/p - Terence
Aim: Terence, wielding a +2 vorpal mace and wearing a +0 scale mail (almost dead, slow, 64% to hit)
You throw a poisoned dart.
The poisoned dart barely misses Terence.
Throw: 6 darts (poison)
Press: ? - help, Q - select action, (/) - cycle Shift-Dir - straight line, f/p - Terence
Aim: Terence, wielding a +2 vorpal mace and wearing a +0 scale mail (almost dead, slow, 64% to hit)
You throw a poisoned dart.
The poisoned dart barely misses Terence.
Throw: 5 darts (poison)
Press: ? - help, Q - select action, (/) - cycle Shift-Dir - straight line, f/p - Terence
Aim: Terence, wielding a +2 vorpal mace and wearing a +0 scale mail (almost dead, slow, 64% to hit)
You throw a poisoned dart. The poisoned dart hits Terence.
Terence is poisoned.
Terence is almost dead.
You closely miss Terence.
Terence is almost dead.
Terence is no longer moving slowly.
You hit Terence but do no damage.
Terence is almost dead.
Terence hits you with a +2 vorpal mace!
You closely miss Terence. Your kick misses Terence.
Terence is almost dead.
Terence hits you with a +2 vorpal mace.
You completely miss Terence. You peck Terence, but do no damage.
Terence is almost dead.
Terence hits you with a +2 vorpal mace.
* * * LOW HITPOINT WARNING * * *
x2 Unknown command.
It was a potion of degeneration.
There was something very wrong with that liquid.
You feel weakened.
You feel dopey.
You feel clumsy. Terence hits you with a +2 vorpal mace.
You die...

.........###...
g.........?..#
#..........#
#...(......#
#..........#
##....(.....#
#.....(.....#
#...##@####.#
.####...##@# #
........##.#
.######.##..
#.##### #.# #.#
#.# #.# # #.#


You could see Terence (poisoned).

Vanquished Creatures
  A gnoll (D:1)
  A ball python (D:1)
  5 bats (D:1)
  An endoplasm (D:1)
  2 giant cockroaches
  2 goblins (D:1)
  4 hobgoblins (D:1)
  2 jackals (D:1)
  2 quokkas (D:1)
  A frilled lizard (D:1)
  5 kobolds (D:1)
  A rat (D:1)
27 creatures vanquished.

Vanquished Creatures (others)
  A fungus (D:1)
1 creature vanquished.

Grand Total: 28 creatures vanquished

Notes
Turn   | Place    | Note
-------+----------+-------------------------------------------
     0 | D:1      | Shayle the Tengu Brigand began the quest for the Orb.
     0 | D:1      | Reached XP level 1. HP: 12/12 MP: 2/2
    77 | D:1      | Found a faded altar of an unknown god.
   179 | D:1      | Got Plato's Grimoire of Calling
   212 | D:1      | Reached XP level 2. HP: 10/17 MP: 3/3
   761 | D:1      | Reached XP level 3. HP: 22/22 MP: 5/5
   841 | D:1      | Reached skill level 1 in Spellcasting
   866 | D:1      | Found Ontovuef's Jewellery Boutique.
  1182 | D:2      | Noticed Terence
  1207 | D:2      | Slain by Terence

Illustrated notes

Levels and vault maps discovered:
D:1:      psy_arrival_conway, layout_rooms, serial_shops,
          nicolae_lakefront_shop, shapermc_ecumenical_altar_rom_forum
D:2:      layout_basic, serial_shops, nicolae_shop_trees,
          minmay_tree_intersection, uniq_terence, uniq_robin, uniq_jessica

Skill      XL: |  1  2  3 |
---------------+----------+-----
Spellcasting   | 1 |  1.1
Dodging        | 2 |  2.0
Fighting       | |  2.5
Short Blades   | |  2.1
Throwing       | |  2.0
Stealth        | |  4.3

Action                   || total
-------------------------++-------
Melee: Dagger            ||    74
       Kick              ||     8
       Peck              ||     4
Throw: Dart              ||     7
  Use: Potion            ||     1
 Stab: Sleeping          ||     6
Armor: Robe              ||    19
Dodge: Dodged            ||    45

Table legend: (Time is in decaauts)
 A = Elapsed time spent in this place.
 B = Non-inter-level travel time spent in this place.
 C = Inter-level travel time spent in this place.
 D = Time resting spent in this place.
 E = Time spent auto-exploring this place.
 F = Levels seen in this place.
 G = Mean time per level.
                   A        B        C        D        E       F      G
               +--------+--------+--------+--------+--------+-----+--------+
         Total |   1202 |   1184 |     18 |    390 |    489 |   2 |  601.0 |
       Dungeon |   1202 |   1184 |     18 |    390 |    489 |   2 |  601.0 |
               +--------+--------+--------+--------+--------+-----+--------+

Top non-repeatable levels by time:
     D:1: 1125 daAuts
     D:2: 77 daAuts
